 Dungeon Crawl Stone Soup version 0.18.1-50-g88ac8fd (webtiles) character file.

667 Gargoyl the Agent of Entropy (level 7, -3/49 HPs)
             Began as a Demonspawn Abyssal Knight on Sept 22, 2016.
             Was a Priest of Lugonu.
             Slain by an iguana (8 damage)
             ... on level 6 of the Dungeon.
             The game lasted 00:11:10 (5789 turns).

Gargoyl the Agent of Entropy (DsAK)                 Turns: 5789, Time: 00:11:10

Health: -3/49      AC: 20    Str: 16    XL:     7   Next: 31%
Magic:  10/10      EV:  5    Int: 13    God:    Lugonu [***...]
Gold:   298        SH:  3    Dex: 15    Spells: 0 memorised, 6 levels left

rFire  . . .     SeeInvis .     B - +0 war axe
rCold  + + .     Gourm    .     n - +0 plate armour
rNeg   . . .     Faith    .     x - +0 buckler
rPois  +         Spirit   .     e - +2 hat
rElec  .         Dismiss  .     r - +0 cloak
rCorr  .         Reflect  .     i - +2 pair of gloves
SustAt .         Harm     .     (no boots)
MR     .....                    (no amulet)
Stlth  ..........               w - ring of protection from cold
                                g - ring of poison resistance

@: not resistant to hostile enchantments, extremely unstealthy
A: talons 1, slimy green scales 1, agile 1, cold resistance 1, demonic guardian
1, frail 1, strong 1
a: Depart the Abyss, Bend Space, Banish, Renounce Religion


You were on level 6 of the Dungeon.
You worshipped Lugonu.
Lugonu was most pleased with you.
You were hungry.

You visited 1 branch of the dungeon, and saw 6 of its levels.
You visited the Abyss 1 time.

You collected 298 gold pieces.

Inventory:

Hand Weapons
 a - a +1 hand axe
 h - a +0 spear
 B - a +0 war axe (weapon)
Missiles
 s - 11 tomahawks (quivered)
Armour
 e - a +2 hat (worn)
 i - a +2 pair of gloves (worn)
 n - a +0 plate armour (worn)
 r - a +0 cloak (worn)
 x - a +0 buckler (worn)
Jewellery
 g - a ring of poison resistance (left hand)
 t - an uncursed ring of resist corrosion
 w - a ring of protection from cold (right hand)
 z - an uncursed ring of sustain attributes
 A - an uncursed ring of positive energy {unknown}
Wands
 o - a wand of iceblast (9/15)
 y - a wand of flame (22/48)
Scrolls
 d - 4 scrolls of remove curse {unknown}
 f - 2 scrolls of teleportation {unknown}
 j - 2 scrolls of fog {unknown}
 k - 3 scrolls of magic mapping {unknown}
 l - 6 scrolls of identify
 m - a scroll of amnesia {unknown}
 p - 2 scrolls of blinking {unknown}
 q - a scroll of enchant armour {unknown}
 v - a scroll of acquirement {unknown}
 E - a scroll of random uselessness {unknown}
Books
 C - an Akashic Record

   Spells                             Type                      Level
   a - Dispersal                      Translocation                6
   b - Malign Gateway                 Summoning/Translocation      7
   c - Disjunction                    Translocation                8
   d - Controlled Blink               Translocation                8
Comestibles
 b - 2 slices of pizza
 c - 4 bread rations
 u - a fruit
 D - a meat ration


   Skills:
 + Level 4.4 Fighting
 + Level 2.8 Axes
 + Level 0.3 Throwing
 * Level 4.6 Armour
 + Level 3.0 Dodging
 + Level 0.1 Shields
 * Level 5.0 Invocations


You had 6 spell levels left.
You didn't know any spells.

Dungeon Overview and Level Annotations

Branches:
Dungeon (6/15)             Temple (0/1) D:4

Altars:
Fedhas
Pakellas


Innate Abilities, Weirdness & Mutations

You have sharp toenails.
You are partially covered in slimy green scales (AC +2).
Your flesh is cold resistant.
A weak demonic guardian rushes to your aid.
You are agile. (Dex +2)
You are frail (-10% HP).
Your muscles are strong. (Str +2)


Message History

You closely miss the iguana.
The iguana is moderately wounded.
The iguana hisses menacingly.
The iguana bites you but does no damage. x2
You hit the iguana.
The iguana is moderately wounded.
The iguana bites you.
You closely miss the iguana. Your kick misses the iguana.
The iguana is moderately wounded.
The iguana bites you.
* * * LOW HITPOINT WARNING * * *
The iguana bites you!
* * * LOW HITPOINT WARNING * * *
You barely miss the iguana. You claw the iguana, but do no damage.
The iguana is moderately wounded.
You block the iguana's attack.
You hit the iguana but do no damage. You claw the iguana, but do no damage.
The iguana is moderately wounded.
The iguana bites you!
You die...

.....# ##.....## .....#
##.......## .....#
#.........# .....#
#.........# ##.#.####
#.........# #......#
#.........# #......#
#.........# ##......#
##...†...#####
........###....l@.......
##.......##.........####
##........#..%......#
.#......#.#.........##
........#.............
....##.###...........##
..................###..
........................
...###..........##......


You could see an iguana.

Vanquished Creatures
  A giant frog (D:6)
  A giant frog zombie (D:5)
  2 hounds
  3 orc wizards
  4 worker ants
  8 adders
  2 shadow imps (D:5)
  2 oozes
  2 adder skeletons
  2 worms
  10 dart slugs
  3 giant geckos
  10 orcs
  4 ball pythons
  4 giant cockroaches
  7 goblins
  7 hobgoblins
  3 jackals (D:4)
  5 quokkas
  8 bats
  4 giant newts
  8 kobolds
  11 rats
111 creatures vanquished.

Vanquished Creatures (collateral kills)
  A howler monkey (D:4)
  An orc wizard (D:5)
  An orc priest (D:3)
  An iguana (D:5)
  2 dart slugs (D:6)
  A giant newt (D:3)
7 creatures vanquished.

Vanquished Creatures (others)
  2 electric eels (D:6)
2 creatures vanquished.

Grand Total: 120 creatures vanquished

Notes
Turn   | Place    | Note
--------------------------------------------------------------
     0 | Abyss:1  | Gargoyl the Demonspawn Abyssal Knight began the quest for the Orb.
     0 | Abyss:1  | Reached XP level 1. HP: 18/18 MP: 2/2
    16 | Abyss:1  | Noticed a raiju
    17 | D:1      | Escaped the Abyss
   207 | D:1      | Reached * piety under Lugonu
   273 | D:1      | Gained mutation: A weak demonic guardian rushes to your aid. [demonic ancestry]
   273 | D:1      | Reached XP level 2. HP: 24/24 MP: 3/3
   335 | D:1      | Reached skill level 1 in Dodging
  1064 | D:2      | Reached XP level 3. HP: 29/29 MP: 5/5
  1213 | D:2      | Found a faded altar to an unknown god.
  1531 | D:2      | Reached ** piety under Lugonu
  1835 | D:3      | Reached skill level 3 in Invocations
  2022 | D:3      | Found an oddly glowing altar of Pakellas.
  2162 | D:3      | Gained mutation: Your flesh is cold resistant. [demonic ancestry]
  2162 | D:3      | Reached XP level 4. HP: 33/36 MP: 6/6
  2794 | D:3      | Gained mutation: You are frail (-10% HP). [potion of mutation]
  2794 | D:3      | Gained mutation: Your muscles are strong. (Str +2) [potion of mutation]
  2794 | D:3      | Gained mutation: You are agile. (Dex +2) [potion of mutation]
  2808 | D:3      | Gained mutation: You are partially covered in slimy green scales (AC +2). [demonic ancestry]
  2808 | D:3      | Reached XP level 5. HP: 9/37 MP: 7/7
  3157 | D:4      | Found a staircase to the Ecumenical Temple.
  3203 | D:4      | Reached *** piety under Lugonu
  3216 | D:4      | Reached skill level 4 in Invocations
  3245 | D:4      | Gained mutation: You have sharp toenails. [demonic ancestry]
  3245 | D:4      | Reached XP level 6. HP: 30/43 MP: 9/9
  3856 | D:4      | You fall through a shaft!
  3856 | D:5      | Entered Level 5 of the Dungeon
  4942 | D:5      | Reached XP level 7. HP: 48/48 MP: 10/10
  5004 | D:5      | Found a blossoming altar of Fedhas.
  5376 | D:6      | HP: 1/48 [electric eel/bolt of electricity (4)]
  5775 | D:6      | Reached skill level 5 in Invocations
  5789 | D:6      | Slain by an iguana

Skill      XL: |  1  2  3  4  5  6  7 |
---------------+----------------------+-----
Armour         | 2 3 4 |  4.6
Dodging        | 1 2 3 |  3.0
Axes           | 2 |  2.8
Invocations    | 3 4 5 |  5.0
Fighting       | 4 |  4.4
Throwing       | |  0.3
Shields        | |  0.1

Action                   |  1- 3 |  4- 6 |  7- 9 || total
-------------------------+-------+-------+-------++-------
Melee: Hand axe          |   141 |   261 |    37 ||   439
       Kick              |       |    23 |    24 ||    47
       War axe           |       |       |    44 ||    44
Throw: Tomahawk          |       |       |     6 ||     6
Invok: Depart the Abyss  |     1 |       |       ||     1
       Banish            |       |       |     2 ||     2
  Use: Potion            |       |     3 |       ||     3
       Scroll            |       |     4 |       ||     4
 Stab: Distracted        |       |     4 |       ||     4
  Eat: Chunk             |     2 |    10 |     3 ||    15
       Beef jerky        |     1 |       |       ||     1
Armor: Scale mail        |   101 |   160 |       ||   261
       Plate armour      |       |    71 |    84 ||   155
Dodge: Dodged            |    79 |   186 |    27 ||   292
Block: Buckler           |       |       |    13 ||    13
